 Dungeon Crawl Stone Soup version 0.28-a0-1493-g08698888e4 (webtiles) character file.

Game seed: 13533864116083871511

128 croobank the Insei (level 4, -2/55 HPs)
             Began as a Draconian Transmuter on Jan 12, 2022.
             Slain by an orc wizard (5 damage)
             ... on level 3 of the Dungeon.
             The game lasted 00:06:37 (2496 turns).

croobank the Insei (Draconian Transmuter)           Turns: 2496, Time: 00:06:38

Health: -2/55      AC:  6    Str: 12    XL:     4   Next: 86%
Magic:  6/8        EV: 12    Int: 13    God:
Gold:   59         SH:  0    Dex: 14    Spells: 0/8 levels left

rFire   . . .      SeeInvis .   h - +0 falchion
rCold   . . .      Faith    .   (no shield)
rNeg    . . .      Spirit   .   (armour unavailable)
rPois   .          Reflect  .   (helmet restricted)
rElec   .          Harm     .   g - +0 cloak
rCorr   .          Rampage  .   (no gloves)
Will    .....                   (no boots)
Stlth   ..........              (no amulet)
HPRegen 0.18/turn               (no ring)
MPRegen 0.11/turn               (no ring)

@: berserking (expiring), wereblooded, hasted, very quick
A: AC +5, unfitting armour, cold-blooded
a: no special abilities


You were on level 3 of the Dungeon.
You visited 1 branch of the dungeon, and saw 3 of its levels.

You collected 59 gold pieces.

Inventory:

Hand Weapons
 d - a +0 whip
 h - a +0 falchion (weapon)
Missiles
 i - 39 stones
 l - 21 arrows
Armour
 g - a +0 cloak (worn)
Scrolls
 c - a scroll of fear {unknown}
 k - a scroll of noise {unknown}
Potions
 f - a potion of invisibility {unknown}


   Skills:
 + Level 2.4 Fighting
 + Level 0.8 Long Blades
 + Level 2.5 Dodging
 - Level 3.4 Unarmed Combat
 + Level 2.6 Spellcasting
 + Level 0.3 Hexes
 + Level 2.7 Transmutations
 + Level 0.4 Ice Magic


You couldn't memorise any spells.
You knew the following spells:

 Your Spells              Type           Power      Damage    Failure   Level
a - Beastly Appendage     Tmut           16%        N/A       8%          1
b - Wereblood             Tmut           8%         N/A       12%         2
c - Ensorcelled Hibernat  Hex/Ice        4%         N/A       30%         2
d - Swiftness             Air            1%         N/A       56%         3

Your spell library contained the following spells:

 Spells                   Type           Power      Damage    Failure   Level
 Passwall                 Tmut/Erth      4%         N/A       21%         2
 Apportation              Tloc           2%         N/A       24%         1
 Spider Form              Tmut/Pois      5%         N/A       38%         3
 Stone Arrow              Conj/Erth      2%         3d7       56%         3
 Ice Form                 Ice/Tmut       5%         N/A       77%         4
 Alistair's Intoxication  Tmut/Pois      3%         N/A       98%         5
 Lehudib's Crystal Spear  Conj/Erth      0%         10d2      100%        8
 Animate Armour           Summ/Erth      Unusable   N/A       N/A         4

Dungeon Overview and Level Annotations

Branches:
Dungeon (3/15)

Altars:


Innate Abilities, Weirdness & Mutations

Your plain brown scales are hard. (AC +5)
You cannot fit into any form of body armour.
You are cold-blooded and may be slowed by cold attacks.


Message History

It was a potion of haste.
You feel yourself speed up. Something hits you.
* * * LOW HITPOINT WARNING * * *
It was a potion of curing.
You feel better.
You hear some strange, mumbled words.
A puff of flame appears from out of thin air!
The puff of flame hits you!
* * * LOW HITPOINT WARNING * * *
You hit something. Your kick misses something. Your headbutt misses something.
Your transformation is almost over.
You closely miss something. Your kick misses something.
Your tail-slap misses something.
Something hits you.
* * * LOW HITPOINT WARNING * * *
You hit something. Your kick misses something. Something hits you.
* * * LOW HITPOINT WARNING * * *
Unknown command.
You feel better.
You hear some strange, mumbled words.
Something tries to affect you, but you resist.
You hit something. Something hits you.
* * * LOW HITPOINT WARNING * * *
As you read the scroll labelled CAEDEWN LOUCREKLIB, it crumbles to dust.
Wisps of shadow whirl around you...
It was a scroll of summoning.
You swap places.
Something hits your kobold.
Your kobold dies!
Your kobold's corpse dissolves into shadows!
You swap places.
Your kobold completely misses the orc.
Your kobold throws a stone.
The stone hits the orc.
You feel as though your hastened speed will last longer.
It was a potion of berserk rage.
A red film seems to cover your vision as you go berserk!
You feel yourself moving faster!
You feel mighty!
You feel a strong urge to attack something.
Something hits your kobold.
Your kobold dies!
Your kobold's corpse dissolves into shadows!
You closely miss something. Your headbutt misses something.
Your tail-slap misses something.
Your horns disappear.
Your talons disappear.
Something hits you.
You die...

#### ####l.#
##..@..# #
###..###o# .#
##...## #.#
..# ####..###
#)#
..#####....##
#oK....(.
...#....####
..###....
...#.####
..## ..
.....## ..#
......##. #.#


You could see an orc and a friendly frilled lizard (summoned).

Vanquished Creatures
  An orc priest (D:3)
  4 adders (D:2)
  A worm (D:2)
  2 dart slugs
  2 orcs (D:3)
  8 bats
  5 endoplasms
  4 goblins
  10 hobgoblins
  5 ball pythons
  3 frilled lizards
  5 kobolds
  5 rats
55 creatures vanquished.

Notes
Turn   | Place    | Note
-------+----------+-------------------------------------------
     0 | D:1      | croobank the Draconian Transmuter began the quest for the
                  | Orb.
     0 | D:1      | Reached XP level 1. HP: 16/16 MP: 3/3
   290 | D:1      | Reached XP level 2. HP: 20/23 MP: 3/5
   324 | D:1      | Found a faded altar of an unknown god.
   328 | D:1      | Learned a level 2 spell: Wereblood
   932 | D:2      | Reached XP level 3. HP: 11/29 MP: 3/6
  1707 | D:2      | Reached XP level 4. HP: 35/36 MP: 7/7
  1795 | D:2      | Learned a level 2 spell: Ensorcelled Hibernation
  1799 | D:2      | Learned a level 3 spell: Swiftness
  2485 | D:3      | HP: 1/37 [something (3)]
  2496 | D:3      | Slain by an orc wizard

Illustrated notes

Levels and vault maps discovered:
D:1:      saegor_arrival_simple_e, layout_loops_ring,
          chequers_ecumenical_altar_simple, minivault_27, minmay_hexomino_f4
D:2:      layout_loops_cross, kennysheep_crisscross,
          hangedman_decor_peaks_small, st_stairs_11
D:3:      layout_rooms, minmay_distorted

Skill      XL: |  1  2  3 |
---------------+----------+-----
Dodging        | 2 |  2.5
Fighting       | 2 |  2.4
Long Blades    | |  0.8
Unarmed Combat | |  3.4
Spellcasting   | |  2.6
Hexes          | |  0.3
Transmutations | |  2.7
Ice Magic      | |  0.4

Action                   |  1- 3 |  4- 6 || total
-------------------------+-------+-------++-------
Melee: Unarmed           |    18 |       ||    18
       Headbutt          |     8 |     8 ||    16
       Tailslap          |    12 |     5 ||    17
       Whip              |    48 |       ||    48
       Kick              |    11 |    10 ||    21
       Falchion          |    22 |    51 ||    73
       Punch             |       |     2 ||     2
 Cast: Beastly Appendage |    19 |    14 ||    33
       Wereblood         |       |     1 ||     1
  Use: Potion            |       |     5 ||     5
       Scroll            |       |     1 ||     1
 Stab: Sleeping          |     1 |       ||     1
Armor: Skin              |    34 |    14 ||    48
Dodge: Dodged            |    60 |    23 ||    83

Table legend: (Time is in decaauts)
 A = Elapsed time spent in this place.
 B = Non-inter-level travel time spent in this place.
 C = Inter-level travel time spent in this place.
 D = Time resting spent in this place.
 E = Time spent auto-exploring this place.
 F = Levels seen in this place.
 G = Mean time per level.
                   A        B        C        D        E       F      G
               +--------+--------+--------+--------+--------+-----+--------+
         Total |   2518 |   2466 |     52 |    632 |   1373 |   3 |  839.3 |
       Dungeon |   2518 |   2466 |     52 |    632 |   1373 |   3 |  839.3 |
               +--------+--------+--------+--------+--------+-----+--------+

Top non-repeatable levels by time:
     D:2: 1478 daAuts
     D:1: 920 daAuts
     D:3: 119 daAuts
